 Dungeon Crawl Stone Soup version 0.15-a0-1253-g15b4f57 (webtiles) character file.

467 Qrupt the Poker (level 7, 0/52 HPs)
             Began as a Formicid Fighter on June 4, 2014.
             Killed from afar by an orc wizard (7 damage)
             ... with a puff of frost
             ... on Level 5 of the Dungeon.
             The game lasted 00:15:26 (5893 turns).

Qrupt the Poker (Formicid Fighter)                  Turns: 5893, Time: 00:15:26

HP   0/52        AC  6     Str 23      XL: 7   Next: 30%
MP   9/9         EV  7     Int  7      God:
Gold 218         SH 19     Dex 10      Spells:  0 memorised,  6 levels left

rFire  . . .     SeeInvis +     a - +0 trident
rCold  . . .     Clarity  .     b - +0 scale mail
rNeg   + . .     rCorr    .     c - +0 shield
rPois  .         rRot     .     (helmet unavailable)
rElec  .         Spirit   .     (no cloak)
SustAb .         Warding  +     (no gloves)
rMut   .         Stasis   +     (no boots)
Gourm  .                        x - amulet of warding
MR     .....                    (no ring)
                                (no ring)

@: not resistant to hostile enchantments, extremely unstealthy
A: permanent stasis, dig shafts and tunnels, four strong arms, antennae 3
a: Dig, Shaft Self


You were on level 5 of the Dungeon.
You were near starving.

You visited 1 branch of the dungeon, and saw 5 of its levels.

You collected 218 gold pieces.

Inventory:

Hand weapons
 a - a +0,+0 trident (weapon)
Armour
 b - a +0 scale mail (worn)
 c - a +0 shield (worn)
Magical devices
 q - a wand of flame (13) {unknown}
 s - a wand of slowing (0)
 w - a wand of cold (3) {unknown}
 y - a wand of polymorph (9) {unknown}
Comestibles
 d - 2 bread rations
 n - a royal jelly
 r - 3 meat rations
 z - a beef jerky
 A - 3 fruits
Scrolls
 f - 2 scrolls of noise {unknown}
 g - a scroll of immolation {unknown}
 h - 5 scrolls of remove curse {unknown}
 j - 2 scrolls of enchant weapon I {unknown}
 l - 4 scrolls of fear {unknown}
 o - 2 scrolls of random uselessness {unknown}
 t - a scroll of amnesia {unknown}
 u - a scroll of identify {unknown}
 v - 3 scrolls of enchant weapon II {unknown}
 B - a scroll of teleportation {unknown}
Jewellery
 x - an amulet of warding (around neck)
Potions
 e - a potion of might
 i - a potion of brilliance {unknown}
 k - 2 potions of haste
 m - a potion of restore abilities {unknown}
 p - 2 potions of curing
 C - a potion of agility {unknown}


   Skills:
 - Level 3.2 Fighting
 + Level 7.4 Polearms
 - Level 3.2 Armour
 - Level 3.6 Shields


You had 6 spell levels left.
You didn't know any spells.

Dungeon Overview and Level Annotations

Branches:
Dungeon (5/15)
 Temple: D:4-7

Altars:
Ashenzari
Dithmenos
The Shining One

Shops:
D:4 }

Annotations:
D:3 Sigmund
D:5 Edmund, Pikel


Innate Abilities, Weirdness & Mutations

Your are under a permanent stasis effect.
You can dig through walls and to a lower floor.
Your four strong arms can wield two-handed weapons with a shield.
You have a pair of large antennae on your head (SInv).


Message History

You puncture the orc wizard!
The orc wizard is heavily wounded.
The orc wizard barely misses you.
Your shield and scale mail prevent you from hitting the orc wizard.
The orc wizard is heavily wounded.
The orc wizard casts a spell at you. The puff of flame hits you!
The orc wizard hits you but does no damage.
You barely miss the orc wizard.
The orc wizard is heavily wounded.
You block the orc wizard's attack. You block the orc wizard's attack.
The orc wizard casts a spell at you. The puff of flame hits you!
* * * LOW HITPOINT WARNING * * *
You see here 32 arrows.
There is a stone staircase leading up here.
The orc wizard casts a spell at you. The puff of frost hits you!
You die...

..# #..# #..# #..# # ..# #..#
#..# #..# # ..# #..# #..# #..# #
..# #K.#########..# ###.#######
..####.............# ##>##.......
...................# #...#.......
........##############.⌠.######.#
..####.p# ##...##...##...### ..#
#..# #@op..##.##..⌠.># .p# #..#
##...p##.##'%..### ..# #..#
#####oo...#####.#
..####..#########.{###.⌠..# #..#
...................# #....# #..#
...............o...#####..####..#
#####..####..####................
#..# #..# #....o........... #..#
#..# #..####.........#


You could see 2 slaves, 2 orc wizards and an orc.

Vanquished Creatures
  A slave (D:4)
  A big kobold (D:3)
  2 hounds (D:4)
  Ijyb (D:5)
  Terence (D:3)
  4 gnolls (D:3)
  A shadow imp (D:5)
  7 adders
  An inept feature mimic (D:5)
  5 worms
  A giant mite (D:4)
  2 giant geckos
  2 oozes (D:4)
  15 orcs (D:3)
  2 ball pythons
  10 bats
  5 giant cockroaches
  8 goblins
  14 hobgoblins
  7 jackals (D:1)
  31 kobolds
  A giant gecko zombie (D:3)
  10 giant newts
  An orc skeleton (D:4)
  A quokka (D:4)
  9 rats
  2 ballistomycetes (D:5)
145 creatures vanquished.

Notes
Turn   | Place    | Note
--------------------------------------------------------------
     0 | D:1      | Qrupt, the Formicid Fighter, began the quest for the Orb.
     0 | D:1      | Reached XP level 1. HP: 18/18 MP: 1/1
   263 | D:1      | Reached XP level 2. HP: 22/24 MP: 3/3
   545 | D:1      | Reached XP level 3. HP: 27/29 MP: 4/4
  1040 | D:2      | Found a shadowy altar of Dithmenos.
  1043 | D:2      | Reached skill level 4 in Polearms
  1043 | D:2      | Reached XP level 4. HP: 35/35 MP: 5/5
  1679 | D:3      | Noticed Sigmund
  1793 | D:3      | Reached XP level 5. HP: 39/41 MP: 7/7
  1882 | D:3      | Reached skill level 5 in Polearms
  2307 | D:4      | Found a glowing golden altar of the Shining One.
  2445 | D:4      | Found Haitruqa's Gadget Emporium.
  2714 | D:3      | Reached skill level 6 in Polearms
  2714 | D:3      | Reached XP level 6. HP: 13/47 MP: 8/8
  3058 | D:3      | Noticed Terence
  3092 | D:3      | Killed Terence
  3876 | D:4      | Reached XP level 7. HP: 37/52 MP: 9/9
  4081 | D:4      | Reached skill level 7 in Polearms
  4566 | D:5      | Entered Level 5 of the Dungeon
  4773 | D:5      | Noticed Ijyb
  4792 | D:5      | Killed Ijyb
  5161 | D:5      | Noticed Pikel
  5568 | D:5      | Noticed Edmund
  5834 | D:5      | Found a shattered altar of Ashenzari.
  5893 | D:5      | Killed from afar by an orc wizard

Action                   |  1- 3 |  4- 6 |  7- 9 || total
-------------------------+-------+-------+-------++-------
Melee: Trident           |   137 |   369 |   182 ||   688
  Use: Potion            |       |       |     5 ||     5
